 Dungeon Crawl Stone Soup version 0.29-a0-1027-gcd8c55af63 (webtiles) character file.

Game seed: 3882684167065758226

75 27heaven the Caller (level 4, -7/27 HPs)
             Began as an Octopode Summoner on Aug 12, 2022.
             Killed from afar by an orc wizard (9 damage)
             ... with a magic dart
             ... on level 3 of the Dungeon.
             The game lasted 00:06:22 (3396 turns).

27heaven the Caller (Octopode Summoner)             Turns: 3396, Time: 00:06:22

Health: -7/27      AC:  1    Str:  7    XL:     4   Next: 31%
Magic:  17/17      EV: 13    Int: 19    God:
Gold:   113        SH:  0    Dex: 12    Spells: 0/9 levels left

rFire   . . .      SeeInvis .   l - +0 dagger
rCold   . . .      Faith    .   (no shield)
rNeg    . . .      Spirit   .   (helmet restricted)
rPois   .          Reflect  .   (no amulet)
rElec   .          Harm     .   c - ring of magical power
rCorr   .          Rampage  .   (no ring)
Will    .....                   (no ring)
Stlth   ++........              (no ring)
HPRegen 0.09/turn               (no ring)
MPRegen 0.15/turn               (no ring)
                                (no ring)
                                (no ring)

@: confused
A: almost no armour, amphibious, 8 rings, camouflage 1, gelatinous body 1,
(nimble swimmer 1), tentacles
a: no special abilities


You were on level 3 of the Dungeon.
You visited 1 branch of the dungeon, and saw 3 of its levels.

You collected 113 gold pieces.

Inventory:

Hand Weapons
 l - a +0 dagger (weapon)
Missiles
 e - a throwing net
 f - 6 poisoned darts
Jewellery
 c - a ring of magical power (left tentacle)
Scrolls
 h - 2 scrolls of identify {unknown}
 i - 2 scrolls of fear {unknown}
 k - a scroll of enchant weapon {unknown}
Potions
 a - a potion of magic
 b - 2 potions of heal wounds {unknown}
 d - a potion of degeneration {unknown}
 g - a potion of mutation {unknown}
 j - a potion of might {unknown}


   Skills:
 + Level 0.2 Fighting
 + Level 2.0 Dodging
 - Level 2.6 Stealth
 + Level 3.1 Spellcasting
 + Level 4.8 Summonings


You couldn't memorise any spells.
You knew the following spells:

 Your Spells              Type           Power      Damage    Failure   Level
a - Summon Small Mammal   Summ           84%        N/A       1%          1
b - Call Imp              Summ           21%        N/A       3%          2
c - Call Canine Familiar  Summ           21%        N/A       6%          3
d - Summon Guardian Gole  Hex/Summ       12%        N/A       17%         3

Your spell library contained the following spells:

 Spells                   Type           Power      Damage    Failure   Level
 Magic Dart               Conj           12%        1d3       16%         1
 Searing Ray              Conj           6%         2d4       22%         2
 Summon Lightning Spire   Summ/Air       12%        N/A       50%         4
 Fulminant Prism          Conj/Hex       1%         3d6       83%         4


Dungeon Overview and Level Annotations

Branches:
Dungeon (3/15)

Altars:

Annotations:
D:2 Sigmund
D:3 Ijyb, Robin


Innate Abilities, Weirdness & Mutations

You cannot wear most types of armour.
You are amphibious.
You can wear up to eight rings at the same time.
Your skin changes colour to match your surroundings (Stealth+).
Your rubbery body absorbs attacks. (AC +1, EV +1)
((You are camouflaged when in or above water. (Stealth+)))
You have tentacles for arms and can constrict up to eight enemies at once.


Message History

The orc shouts!
The orc wizard casts a spell at you.
You are confused.
There are monsters nearby!
An orc comes into view.
It is wielding a +0 short sword and wearing a +2 leather armour of positive energy.
The orc wizard attacks as you move away!
The orc wizard misses you.
You bump into the metal wall.
The orc wizard hits you but does no damage.
You barely miss the orc.
The orc wizard mumbles some strange words.
The orc wizard flickers and vanishes!
Deactivating autopickup; reactivate with Ctrl-A.
The orc throws a boomerang.
The boomerang barely misses you.
You're too confused to move!
Something hits you. The orc barely misses you.
The orc attacks as you move away! The orc closely misses you.
You feel less confused. The orc closely misses you.
There is an open door here.
The orc attacks as you move away! The orc closely misses you.
Something hits you.
A magic dart appears from out of thin air!
The magic dart hits you!
There is a stone staircase leading down here.
The orc throws a boomerang.
The boomerang hits you.
* * * LOW HITPOINT WARNING * * *
You see here a goblin corpse.
You are confused.
You bump into the rock wall.
Unknown command.
Unknown command.
Unknown command.
You're too confused to cast spells.
Unknown command.
You bump into the rock wall.
The orc throws a boomerang.
The boomerang hits you.
* * * LOW HITPOINT WARNING * * *
A magic dart appears from out of thin air!
The magic dart hits you!
You die...

#..##.# #.#
##.o#.# #.# #o.#.#
#.# #.o..# #.#
#...o# #.# #..>.#
#.# #.#..# #.#
###.#.o#########.#
#...#.oo.{..@....#
#####.############
#.# #.# ..# ###


You could see an orc wizard and 2 orcs.

Vanquished Creatures
  An orc (D:3)
  4 endoplasms
  2 giant cockroaches (D:2)
  3 goblins
  A hobgoblin (D:2)
  2 quokkas
  2 ball pythons (D:2)
  2 bats (D:2)
  2 frilled lizards (D:2)
  A kobold (D:2)
  A rat (D:2)
21 creatures vanquished.

Vanquished Creatures (collateral kills)
  3 adders
  2 worms (D:2)
  A dart slug (D:2)
  An endoplasm (D:1)
  A giant cockroach (D:1)
  2 hobgoblins (D:2)
  A ball python (D:2)
  2 bats
  A frilled lizard (D:1)
  A kobold (D:1)
  3 rats
18 creatures vanquished.

Grand Total: 39 creatures vanquished

Notes
Turn   | Place    | Note
-------+----------+-------------------------------------------
     0 | D:1      | 27heaven the Octopode Summoner began the quest for the Orb.
     0 | D:1      | Reached XP level 1. HP: 11/11 MP: 3/3
   838 | D:1      | Reached XP level 2. HP: 17/17 MP: 5/5
   841 | D:1      | Learned a level 2 spell: Call Imp
  1217 | D:2      | Noticed Sigmund
  1533 | D:2      | Reached XP level 3. HP: 11/21 MP: 7/7
  2150 | D:2      | Learned a level 3 spell: Call Canine Familiar
  2388 | D:2      | Found a faded altar of an unknown god.
  2395 | D:2      | Reached XP level 4. HP: 26/27 MP: 8/8
  2857 | D:3      | Learned a level 3 spell: Summon Guardian Golem
  3008 | D:3      | Noticed Ijyb
  3149 | D:3      | Noticed Robin
  3396 | D:3      | Killed from afar by an orc wizard

Illustrated notes

Levels and vault maps discovered:
D:1:      amcnicky_arrival_choice, layout_rooms, minmay_misc_feat_columns,
          chequers_serial_rivers_room_a
D:2:      layout_basic, dreamdust_ecumenical_altar_statues,
          hangedman_decor_riveting, uniq_sigmund
D:3:      layout_basic, mainiacjoe_overflow_24_doors, minmay_ogre_servants,
          uniq_robin, uniq_crazy_yiuf_cottage, uniq_ijyb

Skill      XL: |  1  2  3 |
---------------+----------+-----
Spellcasting   | 3 |  3.1
Fighting       | |  0.2
Dodging        | |  2.0
Stealth        | |  2.6
Summonings     | |  4.8

Action                   |  1- 3 |  4- 6 || total
-------------------------+-------+-------++-------
Melee: Unarmed           |    44 |    12 ||    56
       Tentacles         |    14 |     6 ||    20
       Constrict         |    10 |     5 ||    15
       Dagger            |       |     1 ||     1
 Cast: Summon Small Mamm |    19 |     4 ||    23
       Call Imp          |     4 |     2 ||     6
       Call Canine Famil |       |     3 ||     3
 Stab: Sleeping          |     5 |     3 ||     8
Armor: Skin              |     8 |     1 ||     9
Dodge: Dodged            |    57 |    16 ||    73

Table legend: (Time is in decaauts)
 A = Elapsed time spent in this place.
 B = Non-inter-level travel time spent in this place.
 C = Inter-level travel time spent in this place.
 D = Time resting spent in this place.
 E = Time spent auto-exploring this place.
 F = Levels seen in this place.
 G = Mean time per level.
                   A        B        C        D        E       F      G
               +--------+--------+--------+--------+--------+-----+--------+
         Total |   3395 |   3266 |    129 |    381 |   2276 |   3 | 1131.7 |
       Dungeon |   3395 |   3266 |    129 |    381 |   2276 |   3 | 1131.7 |
               +--------+--------+--------+--------+--------+-----+--------+

Top non-repeatable levels by time:
     D:2: 2043 daAuts
     D:1: 1070 daAuts
     D:3: 280 daAuts
